 Dungeon Crawl Stone Soup version 0.18.1-6-gd335043 (webtiles) character file.

84 Chemotherapy the Insei (level 4, -2/24 HPs)
             Began as a Vine Stalker Monk on May 19, 2016.
             Slain by Grinder (5 damage)
             ... on level 3 of the Dungeon.
             The game lasted 00:02:25 (1676 turns).

Chemotherapy the Insei (Vine Stalker Monk)          Turns: 1676, Time: 00:02:26

Health: -2/24      AC:  3    Str: 14    XL:     4   Next: 46%
Magic:  0/5        EV: 13    Int: 10    God:
Gold:   198        SH:  0    Dex: 17    Spells: 0 memorised, 3 levels left

rFire  . . .     SeeInvis .       - Unarmed
rCold  . . .     Gourm    .     r - +0 leather armour (curse)
rNeg   . . .     Faith    .     (no shield)
rPois  .         Spirit   +     (no helmet)
rElec  .         Dismiss  .     (no cloak)
rCorr  .         Reflect  .     (no gloves)
SustAt .         Harm     .     (no boots)
MR     .....                    (no amulet)
Stlth  ++........               (no ring)
                                (no ring)

@: not resistant to hostile enchantments, unstealthy
A: fangs 2, regeneration 1, magic shield, antimagic bite, no device heal 3, rot
immunity
a: no special abilities


You were on level 3 of the Dungeon.
You were not hungry.

You visited 1 branch of the dungeon, and saw 3 of its levels.

You collected 198 gold pieces.

Inventory:

Armour
 r - a cursed +0 leather armour (worn)
   (You found it on level 2 of the Dungeon)
Scrolls
 e - a scroll of amnesia {unknown}
 g - 2 scrolls of blinking {unknown}
 h - 2 scrolls of recharging {unknown}
 i - 2 scrolls of remove curse {unknown}
 j - 2 scrolls of immolation {unknown}
 k - a scroll of enchant weapon {unknown}
 m - 2 scrolls of identify {unknown}
 o - 3 scrolls of magic mapping {unknown}
Potions
 c - a potion of berserk rage {unknown}
 d - 2 potions of brilliance {unknown}
 f - a potion of mutation {unknown}
 l - a potion of might
 n - a potion of lignification {unknown}
 p - 3 potions of agility {unknown}
 q - a potion of cancellation {unknown}
Comestibles
 a - a chunk of flesh {@w0}
 b - 2 bread rations {@e1}


   Skills:
 + Level 3.1 Fighting
 + Level 2.8 Dodging
 - Level 2.4 Stealth
 * Level 5.1 Unarmed Combat


You had 3 spell levels left.
You didn't know any spells.

Dungeon Overview and Level Annotations

Branches:
Dungeon (3/15)

Altars:
Kikubaaqudgha

Annotations:
D:3 Grinder


Innate Abilities, Weirdness & Mutations

You have extremely sharp teeth.
Your natural rate of healing is unusually fast.
When hurt, damage is shared between your health and your magic reserves.
Your bite disrupts and absorbs the magic of your enemies.
Potions and wands cannot restore your health.
You are immune to rotting.


Message History

You kill the rat!
No target in view!
You see here a dagger.
Found a stone staircase leading down.
You see here a stone.
Things that are here:
a short sword; a stone A rat comes into view.
MP restored: 5 You hit the rat.
The rat closely misses you.
You hit the rat.
You kill the rat!
No target in view!
You see here a rat corpse.
You butcher the rat corpse.
a - a chunk of flesh {@w0} Done exploring.
Done exploring.
(D) Dungeon
Where to? (Enter - D:2, ? - help)
There is a stone staircase leading down here.
You climb downwards.
A goblin and Grinder come into view.
Grinder shouts!
The goblin shouts!
There is a stone staircase leading up here.
Grinder gestures at you. You resist with significant effort.
Grinder says, "Don't move a muscle."
Grinder blinks!
Natasha, Servant of Life and Death comes into view.
Natasha hisses angrily.
You see here a viscous coppery potion.
n - a viscous coppery potion Natasha howls an incantation.
Natasha glows brightly for a moment.
Natasha stares at you and mumbles some strange words.
The magic dart hits you!
You take 5 damage, and have 19/24 hp.
MASSIVE DAMAGE!!
You now have 4/5 mp.
You hit the goblin.
Natasha growls.
The goblin closely misses you.
You hit the goblin.
You kill the goblin!
Your Unarmed Combat skill increases to level 5!
You punch Natasha! You bite Natasha.
Natasha's magic leaks into the air.
You drain her magic.
You feel invigorated.
Natasha mumbles some strange words.
Natasha glows brightly for a moment.
Natasha completely misses you.
MP restored: 5 You punch Natasha!
You bite Natasha, but do no damage. Natasha barely misses you.
You closely miss Natasha. You bite Natasha, but do no damage.
Natasha completely misses you.
You hit Natasha.
You kill Natasha!
Moaning pathetically, Natasha's spirit plunges into the ground.
A hobgoblin comes into view. It is wielding a club.
Grinder gestures at you. Pain shoots through your body!
Things that are here:
a club; the felid corpse of Natasha; a goblin corpse You take 10 damage, and have 11/24 hp.
MASSIVE DAMAGE!!
You now have 2/5 mp.
Grinder closely misses you.
You hit Grinder. You bite Grinder.
Grinder's magic leaks into the air.
You drain his magic.
You feel invigorated.
Grinder says, "Don't move a muscle."
Grinder gestures at you. Pain shoots through your body!
You take 2 damage, and have 10/24 hp.
You closely miss Grinder. Grinder hits you.
You writhe in agony.
* * * LOW HITPOINT WARNING * * *
You take 6 damage, and have 4/24 hp.
MASSIVE DAMAGE!!
You now have 0/5 mp.
You closely miss Grinder. Grinder gestures at you.
You struggle to resist.
You closely miss Grinder.
Grinder drinks a potion.
Grinder seems to grow stronger.
You hit Grinder. You bite Grinder.
Grinder's magic leaks into the air.
You drain his magic.
You feel invigorated. The hobgoblin barely misses you.
Grinder falters for a moment.
You closely miss Grinder. The hobgoblin hits you with a club.
* * * LOW HITPOINT WARNING * * *
Grinder barely misses you.
You take 2 damage, and have 3/24 hp.
You punch Grinder! You bite Grinder.
Grinder's magic leaks into the air.
You drain his magic.
You feel invigorated. The hobgoblin hits you with a club.
* * * LOW HITPOINT WARNING * * *
You take 1 damage, and have 2/24 hp.
You regained 2 mp, and now have 3/5 mp.
You hit Grinder but do no damage. Your bite misses Grinder.
Grinder closely misses you. The hobgoblin barely misses you.
You closely miss Grinder. Grinder hits you!
You die...

. # .. #. ... #.
....#.# ..
.......##########....
.......#...5@g.......
...§...<.####)####..
.≈≈≈...#.# #.#
.≈⌠≈.###g#......#
.... #.#.###### ...
... .. ...# . .... .
.#


You could see Grinder and a hobgoblin.

Vanquished Creatures
  Natasha (D:3)
  An adder (D:2)
  A worm (D:2)
  A giant gecko (D:2)
  6 giant cockroaches
  10 goblins
  4 hobgoblins
  2 jackals (D:2)
  3 kobolds
  A quokka (D:2)
  5 bats
  2 giant newts (D:2)
  6 rats
43 creatures vanquished.

Notes
Turn   | Place    | Note
--------------------------------------------------------------
     0 | D:1      | Chemotherapy the Vine Stalker Monk began the quest for the Orb.
     0 | D:1      | Reached XP level 1. HP: 11/11 MP: 2/2
   531 | D:1      | Reached XP level 2. HP: 16/16 MP: 3/3
   780 | D:2      | Reached XP level 3. HP: 11/19 MP: 4/4
   877 | D:2      | Found an ancient bone altar of Kikubaaqudgha.
   964 | D:2      | Reached skill level 3 in Fighting
  1493 | D:2      | Reached XP level 4. HP: 24/24 MP: 3/5
  1650 | D:3      | Noticed Grinder
  1655 | D:3      | Noticed Natasha
  1661 | D:3      | Reached skill level 5 in Unarmed Combat
  1665 | D:3      | Killed Natasha
  1669 | D:3      | HP: 4/24 [Grinder (5)]
  1674 | D:3      | HP: 2/24 [hobgoblin/club (1)]
  1676 | D:3      | Slain by Grinder

Skill      XL: |  1  2  3  4 |
---------------+-------------+-----
Fighting       | 3 |  3.1
Unarmed Combat | 5 |  5.1
Dodging        | |  2.8
Stealth        | |  2.4

Action                   |  1- 3 |  4- 6 || total
-------------------------+-------+-------++-------
Melee: Unarmed           |   111 |    19 ||   130
       Bite              |    23 |     6 ||    29
       Punch             |     2 |       ||     2
 Stab: Sleeping          |     7 |       ||     7
  Eat: Chunk             |     2 |       ||     2
Armor: Robe              |    16 |       ||    16
       Leather armour    |     4 |       ||     4
Dodge: Dodged            |    52 |    11 ||    63

Vault maps used:
D:1:      minmay_arrival_stair_chambers
D:2:      overflow_temple_1_default
D:3:      corexii_leaking_fountain, lemuel_angel_altar, uniq_grinder,
          uniq_natasha, uniq_sigmund, uniq_terence

Table legend:
 A = Turns spent in this place as a percentage of turns spent in the entire game.
 B = Non-inter-level travel turns spent in this place as a percentage of non-inter-level travel turns spent in the entire game.
 C = Inter-level travel turns spent in this place as a percentage of turns spent in this place.
 D = Turns resting spent in this place as a percentage of non-inter-level travel turns spent in this place.
 E = Turns spent auto-exploring this place as a percentage of non-inter-level travel turns spent in this place.
 F = Non-inter-level travel turns spent in this place divided by the number of levels of this place that you've seen.
                   A       B       C       D       E      F
               +-------+-------+-------+-------+-------+----------------------
         Total | 100.0 | 100.0 |   0.5 |   1.0 |  14.3 | 135.0
       Dungeon | 100.0 | 100.0 |   0.5 |   1.0 |  14.3 | 135.0
               +-------+-------+-------+-------+-------+----------------------

Table legend:
 A = Kills in this place as a percentage of kills in entire the game.
 B = Kills by you in this place as a percentage of kills by you in the entire game.
 C = Kills by friends in this place as a percentage of kills by friends in the entire game.
 D = Other kills in this place as a percentage of other kills in the entire game.
 E = Experience gained in this place as a percentage of experience gained in the entire game.
 F = Experience gained in this place divided by the number of levels of this place that you have seen.
                   A       B       C       D       E      F
               +-------+-------+-------+-------+-------+----------------------
         Total | 100.0 | 100.0 |  -nan |  -nan | 100.0 |  40.3
       Dungeon | 100.0 | 100.0 |  -nan |  -nan | 100.0 |  40.3
               +-------+-------+-------+-------+-------+----------------------
